 Dungeon Sprint DCSS version 0.19-a0-74-g8fff883 (webtiles) character file.

1459 Kathua the Blocker (level 8, -9/71 HPs)
             Began as a Demonspawn Fighter on May 10, 2016.
             Was a High Priest of Pakellas.
             Mangled by an eight-headed hydra (11 damage)
             ... in the Dungeon (Sprint IX: "|||||||||||||||||||||||||||||").
             The game lasted 00:01:49 (697 turns).

Kathua the Blocker (Demonspawn Fighter)              Turns: 697, Time: 00:01:50

Health: -9/71      AC: 14    Str: 18    XL:     8   Next: 48%
Magic:  8/13       EV: 10    Int: 13    God:    Pakellas [*****.]
Gold:   0          SH: 11    Dex: 13    Spells: 0 memorised, 7 levels left

rFire  + . .     SeeInvis .     p - +2 morningstar (crush)
rCold  . . .     Gourm    .     r - +1 chain mail
rNeg   . . .     Faith    .     c - +0 shield
rPois  .         Spirit   .     (helmet restricted)
rElec  .         Dismiss  .     (no cloak)
rCorr  .         Reflect  .     q - +0 pair of gloves
SustAt .         Harm     .     (no boots)
MR     .....     NoTele   +     (no amulet)
Stlth  ..........               t - +3 ring of intelligence
                                s - +2 ring of evasion

@: not resistant to hostile enchantments, extremely unstealthy
A: antennae 2, slimy green scales 1, fire resistance 1, spiny 1, flame cloud
immunity
a: Quick Charge, Device Surge, Renounce Religion


You were in the Dungeon.
You worshipped Pakellas.
Pakellas was extremely pleased with you.
You were not hungry.

You visited 1 branch

Inventory:

Hand Weapons
 p - a +2 morningstar of crushing (weapon)
Armour
 c - a +0 shield (worn)
 q - a +0 pair of gloves (worn)
 r - a +1 chain mail (worn)
Jewellery
 s - a +2 ring of evasion (left hand)
 t - a +3 ring of intelligence (right hand)
Wands
 a - a wand of confusion (28/48)
 n - a wand of iceblast (1/15)
 o - a wand of paralysis (6/24)
 x - a wand of digging (6/24)
Scrolls
 k - 2 scrolls of blinking
 l - 4 scrolls of remove curse
 m - 2 scrolls of amnesia
 y - 2 scrolls of fog
 A - a scroll of fear
 B - a scroll of recharging
Potions
 d - 2 potions of might
 e - 5 potions of curing
 g - 3 potions of heal wounds
 h - 2 potions of haste
 i - 4 potions of magic
 j - a potion of invisibility
 v - 2 potions of cure mutation
 w - a potion of agility
Miscellaneous
 b - a sack of spiders {used: 1}
 u - a stone of tremors (inert)
Comestibles
 f - a bread ration
 z - a beef jerky


   Skills:
 + Level 9.1 Fighting
 * Level 8.6 Maces & Flails
 + Level 6.9 Armour
 + Level 4.2 Dodging
 + Level 9.1 Shields
 * Level 7.0 Evocations


You had 7 spell levels left.
You didn't know any spells.

Dungeon Overview and Level Annotations

Branches:
Dungeon (1/1)

Altars:
Cheibriados
Dithmenos
Elyvilon
Fedhas
Gozag
Kikubaaqudgha
Makhleb
Nemelex Xobeh
Okawaru
Pakellas
Qazlal
Ru
Sif Muna
Trog
Vehumet
Xom
Yredelemnul
Zin
The Shining One
Beogh
Jiyva
Lugonu


Innate Abilities, Weirdness & Mutations

You have a pair of antennae on your head.
You are partially covered in slimy green scales (AC +2).
Your flesh is heat resistant.
You are partially covered in sharp spines.
You are immune to clouds of flame.


Message History

The eight-headed hydra bites you but does no damage.
The eight-headed hydra bites you.
You block the eight-headed hydra's attack. x2
The eight-headed hydra bites you! x2
The eight-headed hydra barely misses you.
The eight-headed hydra bites you but does no damage.
You puncture the eight-headed hydra!
The eight-headed hydra is almost dead.
You block the eight-headed hydra's attack.
The eight-headed hydra bites you.
* * * LOW HITPOINT WARNING * * *
The eight-headed hydra bites you but does no damage.
The eight-headed hydra bites you!
* * * LOW HITPOINT WARNING * * *
The eight-headed hydra bites you.
* * * LOW HITPOINT WARNING * * *
You block the eight-headed hydra's attack.
The eight-headed hydra bites you!
You die...
Pakellas says: Time to start the next experiment... {{{{{{{{{{{{ ▓▓▓▓▓▓▓▓▓▓▓▓▓▓▓▓▓▓▓▓▓▓▓▓ {{{{{{

{ .†r.FSD@......)......'..
▓▓▓▓▓▓▓▓▓▓▓▓▓▓▓▓▓▓▓▓▓▓▓▓▓▓▓▓▓▓▓▓▓
.................................
▓▓▓▓▓▓▓▓▓▓▓▓▓▓▓▓▓▓▓▓▓▓▓▓▓▓▓▓▓▓▓▓▓
_____________________'.....†....)
▓▓▓▓▓▓▓▓▓▓▓▓▓▓▓▓▓▓▓▓▓▓▓▓▓▓▓▓▓▓▓▓▓


You could see an eight-headed hydra, a black mamba, a spiny frog and a
porcupine.

Vanquished Creatures
  A hill giant (D)
  An ugly thing (D)
  A slime creature (D)
  A wraith (D)
  A porcupine (D)
  A centaur (D)
  2 crimson imps (D)
  2 iguanas (D)
  A sheep (D)
  2 adders (D)
  2 river rats (D)
  An adder skeleton (D)
  2 bat skeletons (D)
  A bat zombie (D)
  2 giant cockroaches (D)
  A jackal (D)
  2 kobolds (D)
  A giant cockroach zombie (D)
  2 giant newts (D)
27 creatures vanquished.

Notes
Turn   | Place    | Note
--------------------------------------------------------------
     0 | D        | Kathua the Demonspawn Fighter began the quest for the Orb.
     0 | D        | Reached XP level 1. HP: 18/18 MP: 1/1
    26 | D        | Noticed a crimson imp
    26 | D        | Noticed a crimson imp
    26 | D        | Noticed an iguana
    36 | D        | Killed an iguana
    36 | D        | Gained mutation: You have a pair of small antennae on your head. [demonic ancestry]
    36 | D        | Reached XP level 2. HP: 25/25 MP: 2/2
    36 | D        | Gained mutation: You are partially covered in sharp spines. [demonic ancestry]
    36 | D        | Reached XP level 3. HP: 30/30 MP: 3/3
    42 | D        | Reached skill level 1 in Dodging
    42 | D        | Reached XP level 4. HP: 32/38 MP: 4/4
    45 | D        | Reached skill level 5 in Fighting
    45 | D        | Reached skill level 5 in Shields
    53 | D        | Found a glowing silver altar of Zin.
    53 | D        | Found a glowing golden altar of the Shining One.
    53 | D        | Found an ancient bone altar of Kikubaaqudgha.
    53 | D        | Found a basalt altar of Yredelemnul.
    53 | D        | Found a shimmering altar of Xom.
    53 | D        | Found a radiant altar of Vehumet.
    54 | D        | Found an iron altar of Okawaru.
    55 | D        | Found a burning altar of Makhleb.
    56 | D        | Found a deep blue altar of Sif Muna.
    57 | D        | Found a bloodstained altar of Trog.
    58 | D        | Found a sparkling altar of Nemelex Xobeh.
    59 | D        | Found a white marble altar of Elyvilon.
    60 | D        | Found a roughly hewn altar of Beogh.
    61 | D        | Found a viscous altar of Jiyva.
    62 | D        | Found a corrupted altar of Lugonu.
    63 | D        | Found a blossoming altar of Fedhas.
    64 | D        | Found a snail-covered altar of Cheibriados.
    65 | D        | Found a shadowy altar of Dithmenos.
    66 | D        | Found a stormy altar of Qazlal.
    67 | D        | Found an opulent altar of Gozag.
    68 | D        | Found a sacrificial altar of Ru.
    69 | D        | Found an oddly glowing altar of Pakellas.
    77 | D        | Became a worshipper of Pakellas the Inventive
   123 | D        | Reached * piety under Pakellas
   123 | D        | Received a gift from Pakellas
   128 | D        | Reached ** piety under Pakellas
   128 | D        | Received a gift from Pakellas
   128 | D        | Reached skill level 1 in Evocations
   241 | D        | Noticed a centaur
   241 | D        | Noticed a red ugly thing
   241 | D        | Noticed a wraith
   241 | D        | Noticed a hill giant
   241 | D        | Noticed a slime creature
   252 | D        | Killed a slime creature
   252 | D        | Reached skill level 5 in Maces & Flails
   252 | D        | Reached skill level 5 in Armour
   252 | D        | Gained mutation: You have a pair of antennae on your head. [demonic ancestry]
   252 | D        | Reached XP level 5. HP: 47/47 MP: 4/7
   252 | D        | Gained mutation: Your flesh is heat resistant. [demonic ancestry]
   252 | D        | Reached XP level 6. HP: 53/53 MP: 4/8
   256 | D        | Killed a hill giant
   256 | D        | Reached *** piety under Pakellas
   256 | D        | Received a gift from Pakellas
   256 | D        | Reached skill level 5 in Evocations
   256 | D        | Gained mutation: You are partially covered in slimy green scales (AC +2). [demonic ancestry]
   256 | D        | Reached XP level 7. HP: 62/62 MP: 4/11
   269 | D        | Killed a red ugly thing
   269 | D        | Gained mutation: You are immune to clouds of flame. [demonic ancestry]
   269 | D        | Reached XP level 8. HP: 28/69 MP: 5/12
   281 | D        | Reached **** piety under Pakellas
   281 | D        | Received a gift from Pakellas
   687 | D        | Noticed a spiny frog
   687 | D        | Noticed a black mamba
   688 | D        | Noticed an eight-headed hydra
   695 | D        | Reached ***** piety under Pakellas
   695 | D        | Received a gift from Pakellas
   697 | D        | HP: 2/71 [eight-headed hydra (6)]
   697 | D        | Mangled by an eight-headed hydra

Vault maps used:
D:        linesprint

Skill      XL: |  1  2  3  4  5  6  7  8 |
---------------+-------------------------+-----
Maces & Flails | 3 5 7 8 |  8.6
Shields        | 4 6 8 9 |  9.1
Armour         | 3 4 5 6 |  6.9
Fighting       | 4 6 8 9 |  9.1
Dodging        | 1 2 3 4 |  4.2
Evocations     | 3 5 6 7 |  7.0

Action                   |  1- 3 |  4- 6 |  7- 9 || total
-------------------------+-------+-------+-------++-------
Melee: Flail             |    31 |     2 |       ||    33
       Morningstar       |       |    12 |    36 ||    48
Evoke: Wand              |       |     6 |       ||     6
       Sack of spiders   |       |     1 |       ||     1
       Stone of tremors  |       |       |     1 ||     1
  Use: Potion            |     1 |       |       ||     1
Armor: Scale mail        |    13 |       |       ||    13
       Chain mail        |       |     3 |    11 ||    14
Dodge: Dodged            |     8 |     5 |    11 ||    24
Block: Shield            |    20 |     8 |    23 ||    51
